 Dungeon Crawl Stone Soup version 0.20-a0-40-gb6e7b4f (webtiles) character file.

37 Goblin1989 the Slasher (level 3, 0/19 HPs)
             Began as a Vine Stalker Fighter on Nov 11, 2016.
             Succumbed to a gnoll's poison
             ... on level 3 of the Dungeon.
             The game lasted 00:03:36 (1616 turns).

Goblin1989 the Slasher (Vine Stalker Fighter)       Turns: 1616, Time: 00:03:37

Health: 0/19       AC:  6    Str: 19 (21) XL:     3   Next: 39%
Magic:  4/4        EV:  7    Int:  7 (8)  God:
Gold:   65         SH: 12    Dex: 11 (13) Spells: 0 memorised, 2 levels left

rFire  . . .     SeeInvis +     a - +0 long sword
rCold  . . .     Gourm    .     b - +0 scale mail
rNeg   . . .     Faith    .     c - +0 shield
rPois  .         Spirit   +     (no helmet)
rElec  .         Reflect  .     (no cloak)
rCorr  .         Harm     .     (no gloves)
MR     .....                    (no boots)
Stlth  ..........               (no amulet)
                                (no ring)
                                s - ring of see invisible

@: lethally poisoned (0 -> -3), very slightly contaminated, hasted, very quick
A: fangs 2, talons 1, large bone plates 1, see invisible, strong 1, magic
shield, antimagic bite, no device heal 3, rot immunity
a: no special abilities


You were on level 3 of the Dungeon.
You were not hungry.

You visited 1 branch of the dungeon, and saw 3 of its levels.

You collected 65 gold pieces.

Inventory:

Hand Weapons
 a - a +0 long sword (weapon)
Armour
 b - a +0 scale mail (worn)
 c - a +0 shield (worn)
Jewellery
 s - a ring of see invisible (left hand)
Scrolls
 e - a scroll of random uselessness {unknown}
 j - a scroll of immolation {unknown}
 k - 3 scrolls of teleportation {unknown}
 l - 2 scrolls of identify {unknown}
 p - a scroll of magic mapping {unknown}
 r - a scroll of remove curse {unknown}
 t - a scroll of recharging {unknown}
 u - a scroll of enchant armour {unknown}
Potions
 d - a potion of might
Comestibles
 f - 4 bread rations {@e1}
 i - a beef jerky
 m - 2 fruits
 q - a meat ration {@e2}
 w - 3 chunks of flesh {@w0}


   Skills:
 - Level 2.6 Fighting
 + Level 3.3 Long Blades
 - Level 2.4 Armour
 - Level 2.6 Shields


You had 2 spell levels left.
You didn't know any spells.

Dungeon Overview and Level Annotations

Branches:
Dungeon (3/15)

Altars:
Ru
Xom


Innate Abilities, Weirdness & Mutations

You have extremely sharp teeth.
When hurt, damage is shared between your health and your magic reserves.
Your bite disrupts and absorbs the magic of your enemies.
Potions and wands cannot restore your health.
You are immune to rotting.
You have sharp toenails.
You are partially covered in large bone plates. (SH +4)
You have supernaturally acute eyesight. (SInv)
Your muscles are strong. (Str +2)


Message History

The gnoll hits you but does no damage.
You bump into the rock wall.
You bump into the rock wall.
The gnoll closely misses you.
You closely miss the gnoll. You claw the gnoll, but do no damage.
The gnoll is moderately wounded.
* * * LOW HITPOINT WARNING * * *
You feel sick. The gnoll completely misses you.
You take 1 damage, and have 1/19 hp.
You miss the gnoll. You bite the gnoll. You drain its power.
The gnoll is heavily wounded.
You bump into the rock wall.
The gnoll barely misses you.
You bump into the rock wall.
The gnoll barely misses you.
You hit the gnoll.
The gnoll is almost dead.
The gnoll hits you with a whip.
You now have 2/4 mp.
You feel less invigorated.
You feel less confused.
MP restored: 4 You die... ██████

█....█ █....█
█....█ █....█
█....████████████
▲.........gg@...█
█....██████████.█
████........ █
█.███████ █.█ █.█
█.█ █.█ █.█


You could see 2 gnolls.

Vanquished Creatures
  2 dart slugs
  A leopard gecko (D:2)
  4 bats (D:1)
  A giant cockroach (D:2)
  5 goblins
  4 hobgoblins
  2 jackals (D:1)
  A quokka (D:2)
  2 frilled lizards (D:1)
  3 kobolds
  6 rats
31 creatures vanquished.

Notes
Turn   | Place    | Note
-------+----------+-------------------------------------------
     0 | D:1      | Goblin1989 the Vine Stalker Fighter began the quest for the Orb.
     0 | D:1      | Reached XP level 1. HP: 11/11 MP: 2/2
   103 | D:1      | Reached skill level 2 in Long Blades
   155 | D:1      | Reached XP level 2. HP: 12/16 MP: 3/3
   816 | D:1      | Reached skill level 3 in Long Blades
   866 | D:2      | Reached XP level 3. HP: 16/19 MP: 2/4
  1111 | D:2      | Found a shimmering altar of Xom.
  1255 | D:2      | Found a sacrificial altar of Ru.
  1597 | D:3      | Gained mutation: Your muscles are strong. (Str +2) [potion of mutation]
  1597 | D:3      | Gained mutation: You have supernaturally acute eyesight. (SInv) [potion of mutation]
  1597 | D:3      | Gained mutation: You have sharp toenails. [potion of mutation]
  1600 | D:3      | Gained mutation: You are partially covered in large bone plates. (SH +4) [potion of beneficial mutation]
  1616 | D:3      | Succumbed to a gnoll's poison

Vault maps used:
D:1:      dpeg_arrival_pits
D:2:      lemuel_crystal_altar, first_bread, xom_teletrap_fun
D:3:      lemuel_tele_altar

Skill      XL: |  1  2 |
---------------+-------+-----
Long Blades    | 2 3 |  3.3
Fighting       | |  2.6
Armour         | |  2.4
Shields        | |  2.6

Action                   || total
-------------------------++-------
Melee: Long sword        ||    84
       Bite              ||    20
       Kick              ||     3
  Use: Potion            ||     5
  Eat: Chunk             ||     2
Armor: Scale mail        ||    35
Dodge: Dodged            ||    36
Block: Shield            ||    49
       Rpst.: Long sword ||     4

Vault maps used:
D:1:      dpeg_arrival_pits
D:2:      lemuel_crystal_altar, first_bread, xom_teletrap_fun
D:3:      lemuel_tele_altar
